 Dungeon Crawl Stone Soup version 0.21-a0-331-gfb491b4 (webtiles) character file.

506 nikopol the Chopper (level 7, -4/44 HPs)
             Began as a Gargoyle Berserker on Oct 2, 2017.
             Was a Priest of Trog.
             Killed from afar by a dart slug (6 damage)
             ... with a slug dart
             ... on level 4 of the Dungeon.
             The game lasted 00:05:03 (2930 turns).

nikopol the Chopper (Gargoyle Berserker)            Turns: 2930, Time: 00:05:04

Health: -4/44      AC: 11    Str: 21    XL:     7   Next: 18%
Magic:  7/7        EV: 10    Int:  7    God:    Trog [***...]
Gold:   214        SH:  0    Dex: 11    Spells: 6/6 levels left

rFire    . . .     SeeInvis .   a - +0 hand axe
rCold    . . .     Gourm    .   (no shield)
rNeg     + . .     Faith    .   e - +0 scale mail
rPois    ∞         Spirit   .   (no helmet)
rElec    +         Reflect  .   (no cloak)
rCorr    .         Harm     .   (no gloves)
MR       .....                  (no boots)
Stlth    ..........             (no amulet)
HPRegen  0.14/turn              (no ring)
MPRegen  0.10/turn              (no ring)

@: berserk cooldown, starving, slowed, very slow
A: negative energy resistance 1, electricity resistance, unbreathing,
petrification resistance, rot immunity, AC +4
a: Berserk, Trog's Hand, Burn Spellbooks, Renounce Religion


You were on level 4 of the Dungeon.
You worshipped Trog.
Trog was most pleased with you.
You were starving.

You visited 1 branch of the dungeon, and saw 4 of its levels.

You collected 214 gold pieces.

Inventory:

Hand Weapons
 a - a +0 hand axe (weapon)
Missiles
 s - 52 arrows
Armour
 b - a +0 animal skin
 e - a +0 scale mail (worn)
Jewellery
 v - a +3 ring of protection {unknown}
Scrolls
 h - a scroll of remove curse {unknown}
 k - a scroll of recharging {unknown}
 l - a scroll of fog {unknown}
 m - a scroll of immolation {unknown}
 n - 2 scrolls of enchant armour {unknown}
 o - 2 scrolls of magic mapping {unknown}
 q - 3 scrolls of identify {unknown}
 r - a scroll of amnesia {unknown}
 u - a scroll of teleportation {unknown}
Potions
 d - a potion of lignification {unknown}
 g - a potion of invisibility {unknown}
 i - a potion of resistance {unknown}
 j - a potion of cancellation {unknown}
 p - a potion of berserk rage {unknown}
 t - a potion of brilliance {unknown}
 w - a potion of curing {unknown}
 x - a potion of magic {unknown}
Comestibles
 c - 6 bread rations
 f - 2 fruits
 z - a chunk of flesh


   Skills:
 + Level 4.8 Fighting
 + Level 5.6 Axes
 + Level 3.6 Armour
 + Level 2.3 Dodging
 + Level 0.9 Stealth


You had 6 spell levels left.
You didn't know any spells.

Dungeon Overview and Level Annotations

Branches:
Dungeon (4/15)
 Temple: D:4-7

Altars:
Nemelex Xobeh
Ru
Yredelemnul
The Shining One


Innate Abilities, Weirdness & Mutations

You are resistant to torment.
Your stone body is resilient. (AC +4)
You are immune to poison.
You resist negative energy. (rN+)
You are resistant to electric shocks. (rElec)
You can survive without breathing.
You are immune to petrification.
You are immune to rotting.


Message History

The adder bites you but does no damage. x2
A dart slug comes into view.
You miss the adder.
The adder is severely wounded.
The adder closely misses you. The dart slug launches a dart at you.
The slug dart misses you. The adder bites you but does no damage.
You hit the adder but do no damage.
The adder is severely wounded.
The adder bites you but does no damage. x2
You closely miss the adder.
The adder is severely wounded.
The adder barely misses you. The adder bites you but does no damage.
You miss the adder.
The adder is severely wounded.
The adder bites you.
* * * LOW HITPOINT WARNING * * *
The dart slug launches a dart at you. The slug dart hits you!
You die...

#### ....... #. ....
##########.......
#####......
................ ....#..
..# #..............
....#.#+#.# #......w....#
....#.#.#.#####....).†....#
....#.#.#............%....#
....#.#.#....#..S.........#
....#...#.##.#..@.........#
........#.##.#.############
........'....#.#
........#.####.#
.......<#... ..#
.......######### ..##...+
..##...# ..##...#


You could see an adder and a dart slug.

Vanquished Creatures
  The ghost of vishdafish the Charmwright, an amateur DsSk of Makhleb (D:3)
  An ogre (D:4)
  A howler monkey (D:4)
  A hound (D:4)
  Jessica (D:3)
  2 worker ants (D:4)
  3 gnolls (D:3)
  3 adders (D:3)
  2 oozes
  An adder skeleton (D:3)
  2 worms (D:2)
  3 dart slugs (D:1)
  3 leopard geckos (D:1)
  A ball python (D:2)
  4 giant cockroaches
  2 gnoll zombies (D:3)
  5 goblins
  7 hobgoblins
  4 jackals (D:1)
  2 quokkas (D:3)
  8 bats
  7 frilled lizards
  9 kobolds
  6 rats
79 creatures vanquished.

Notes
Turn   | Place    | Note
-------+----------+-------------------------------------------
     0 | D:1      | nikopol the Gargoyle Berserker began the quest for the Orb.
     0 | D:1      | Reached XP level 1. HP: 14/14 MP: 1/1
    21 | D:1      | Reached XP level 2. HP: 10/19 MP: 2/2
   389 | D:1      | Reached skill level 3 in Axes
   397 | D:1      | Reached XP level 3. HP: 21/24 MP: 3/3
   465 | D:1      | Found a sparkling altar of Nemelex Xobeh.
   613 | D:1      | Reached ** piety under Trog
  1007 | D:2      | Reached XP level 4. HP: 28/29 MP: 4/4
  1029 | D:2      | Found a glowing golden altar of the Shining One.
  1470 | D:3      | Found a sacrificial altar of Ru.
  1475 | D:3      | Noticed Jessica
  1483 | D:3      | Killed Jessica
  1576 | D:3      | Reached XP level 5. HP: 28/33 MP: 5/5
  1599 | D:3      | Reached skill level 4 in Axes
  2003 | D:3      | Reached *** piety under Trog
  2164 | D:3      | Found a basalt altar of Yredelemnul.
  2217 | D:3      | Noticed vishdafish's ghost (amateur DsSk)
  2235 | D:3      | Killed vishdafish's ghost
  2235 | D:3      | Reached XP level 6. HP: 39/39 MP: 6/6
  2882 | D:4      | Reached skill level 5 in Axes
  2909 | D:4      | Reached XP level 7. HP: 10/44 MP: 7/7
  2930 | D:4      | HP: 2/44 [adder (3)]
  2930 | D:4      | Killed from afar by a dart slug

Vault maps used:
D:1:      dpeg_arrival_tiny_a, nemelex_diamond_rough_becter
D:2:      tso_oasis_becter
D:3:      lemuel_zombie_altar_yredelemnul, overflow_temple_1_default,
          first_bread, minmay_strange_pillars, uniq_jessica
D:4:      temple_hall

Skill      XL: |  1  2  3  4  5  6 |
---------------+-------------------+-----
Axes           | 3 4 5 |  5.6
Fighting       | 4 |  4.8
Armour         | 3 |  3.6
Dodging        | 2 |  2.3
Stealth        | |  0.9

Action                   |  1- 3 |  4- 6 |  7- 9 || total
-------------------------+-------+-------+-------++-------
Melee: Hand axe          |   142 |   184 |    13 ||   339
Invok: Berserk           |       |     2 |       ||     2
  Eat: Chunk             |     1 |     4 |       ||     5
       Fruit             |       |     2 |       ||     2
Armor: Animal skin       |    15 |       |       ||    15
       Scale mail        |    65 |    89 |    13 ||   167
Dodge: Dodged            |    98 |   102 |     7 ||   207

Table legend:
 A = Spawn XP
 B = Non-spawn XP
 C = Spawn XP percentage of total XP
 D = Spawn monster count
 E = Non-spawn monster count
 F = Spawn count percentage of total count
 G = Total turns spent on level
                    A         B        C        D         E        F      G
               +---------+---------+-------+---------+---------+-------+---------
         Total |       0 |     723 |   0.0 |       0 |      79 |   0.0 |  2930
               +---------+---------+-------+---------+---------+-------+---------
           D:1 |       0 |      63 |   0.0 |       0 |      32 |   0.0 |   688
           D:2 |       0 |      31 |   0.0 |       0 |      17 |   0.0 |   761
           D:3 |       0 |     335 |   0.0 |       0 |      25 |   0.0 |  1381
           D:4 |       0 |     294 |   0.0 |       0 |       5 |   0.0 |   100
               +---------+---------+-------+---------+---------+-------+---------
